 Dungeon Crawl Stone Soup version 0.31-a0-229-g1fc7ce93e2 (webtiles) character file.

Game seed: 15137756797395876332

53 qw the Shooter (level 3, -1/21 HPs)
             Began as a Gargoyle Hexslinger on July 6, 2023.
             Slain by Ijyb
             ... wielding a +4 vampiric dagger
              (7 damage)
             ... on level 3 of the Dungeon.
             The game lasted 00:00:42 (1947 turns).

qw the Shooter (Gargoyle Hexslinger)                Turns: 1947, Time: 00:00:42

Health: -1/21      AC:  9    Str: 11    XL:     3   Next: 87%
Magic:  4/4        EV: 10    Int: 13    God:
Gold:   57         SH:  0    Dex: 14    Spells: 3/4 levels left

rFire   . . .        Y - +1 sling
rCold   . . .        (no shield)
rNeg    + . .        h - +0 ring mail
rPois   inf          (no helmet)
rElec   +            (no cloak)
rCorr   .            d - +0 pair of gloves
SInv    .            (no boots)
Will    .....        (no amulet)
Stlth   +            (no ring)
HPRegen 0.23/turn    (no ring)
MPRegen 0.09/turn

%: no passive effects
@: no status effects
A: sickness immunity, AC +3, negative energy resistance 1, electricity
resistance, torment resistance 1, petrification resistance
a: no special abilities


You were on level 3 of the Dungeon.
You visited 1 branch of the dungeon, and saw 3 of its levels.

You collected 57 gold pieces.


Innate Abilities, Weirdness & Mutations

You are immune to sickness and miasma.
Your stone body is resilient. (AC +3)
You are immune to poison.
You resist negative energy. (rN+)
You are resistant to electric shocks. (rElec)
You are resistant to unholy torment.
You are immune to petrification.


   Skills:
 - Level 2.0 Fighting
 + Level 3.4 Ranged Weapons
 - Level 1.2 Armour
 - Level 1.5 Dodging
 - Level 1.0 Spellcasting
 - Level 2.6 Hexes


You had 3 spell levels left.
You knew the following spells:

 Your Spells              Type           Power      Damage    Failure   Level
a - Slow                  Hex            28%        N/A       22%         1

Your spell library contained the following spells:

 Spells                   Type           Power      Damage    Failure   Level
 Inner Flame              Hex/Fire       4%         N/A       75%         3
 Portal Projectile        Hex/Tloc       8%         N/A       75%         3
 Cause Fear               Hex            3%         N/A       91%         4

Inventory:

Hand Weapons
 Y - a +1 sling (weapon)
Armour
 d - a +0 pair of gloves (worn)
 h - a +0 ring mail (worn)
Jewellery
 b - a ring of ice
Scrolls
 a - a scroll of teleportation {unknown}
Potions
 c - a potion of curing {unknown}
 e - a potion of ambrosia {unknown}
 f - a potion of heal wounds

Dungeon Overview and Level Annotations

Branches:
Dungeon (3/15)

Altars:
Xom

Annotations:
D:3 Ijyb


Message History

Ijyb is moderately wounded.
Ijyb zaps a wand.
Your will is overpowered!
You are confused.
An orc comes into view. It is wielding a +0 short sword.
The orc shouts!
You hear a shout! x2
Ijyb hits you with a +4 vampiric dagger.
A kobold comes into view.
It is wielding a +0 whip and quivering poisoned darts.
The orc hits you with a +0 short sword. Ijyb hits you but does no damage.
The orc hits you but does no damage.
You feel less confused.
Ijyb hits you with a +4 vampiric dagger.
The orc closely misses you.
You shoot a sling bullet. The sling bullet misses Ijyb.
Ijyb hits you but does no damage. The orc barely misses you.
You shoot a sling bullet. The sling bullet barely misses Ijyb.
Ijyb hits you with a +4 vampiric dagger.
The orc hits you with a +0 short sword.
You shoot a sling bullet. The sling bullet closely misses Ijyb.
Ijyb zaps a wand.
You resist with significant effort.
The now-empty wand crumbles to dust.
The orc hits you with a +0 short sword. Ijyb closely misses you.
The orc hits you with a +0 short sword.
A kobold comes into view. It is wielding a +0 short sword.
1944 ||| DRINKING 2 potions of heal wounds.
You feel much better.
Ijyb hits you with a +4 vampiric dagger!
The kobold throws a poisoned dart.
The poisoned dart hits you! The orc hits you but does no damage.
You shoot a sling bullet. The sling bullet hits Ijyb.
Ijyb is heavily wounded.
Ijyb screams, "It's all mine!"
Ijyb hits you but does no damage.
The kobold throws a poisoned dart.
The poisoned dart hits you! The orc hits you with a +0 short sword.
You shoot a sling bullet. The sling bullet barely misses Ijyb.
Ijyb hits you but does no damage. The orc hits you but does no damage.
You shoot a sling bullet. The sling bullet barely misses Ijyb.
Ijyb hits you with a +4 vampiric dagger.
The kobold closely misses you. The orc hits you but does no damage.
The kobold hits you but does no damage.
Ijyb hits you with a +4 vampiric dagger!
You die...

........[..........#.....
...................#....
...................#....
........................
........................
........................
...............%.[.....
........#+#.....Ko.#..
........#.......@K.#
........#........g..#
........#:..........#
....................#
...............#......
.......................
....................#..^
....................##..
...................


You could see Ijyb, an orc and 2 kobolds.

Vanquished Creatures
  An adder (D:3)
  4 ball pythons (D:2)
  3 endoplasms
  3 giant cockroaches
  A goblin (D:1)
  3 hobgoblins
  4 jackals (D:2)
  4 kobolds
  4 quokkas
  3 bats
  2 frilled lizards
  10 rats
42 creatures vanquished.

Notes
Turn   | Place    | Note
-------+----------+-------------------------------------------
     0 | D:1      | qw the Gargoyle Hexslinger began the quest for the Orb.
     0 | D:1      | Reached XP level 1. HP: 12/12 MP: 2/2
     0 | D:1      | 0 ||| qw: Version: 0.3-a-46-gb1f654a
     0 | D:1      | 0 ||| qw: Game counter: 1106
     0 | D:1      | 0 ||| qw: Melee chars always use a shield: true
     0 | D:1      | 0 ||| qw: God list: Okawaru
     0 | D:1      | 0 ||| qw: Allow faded altars: false
     0 | D:1      | 0 ||| qw: Do Orc after clearing Dungeon:15 true
     0 | D:1      | 0 ||| qw: Do second Lair branch before Depths: true
     0 | D:1      | 0 ||| qw: Lair rune preference: random
     0 | D:1      | 0 ||| qw: Goals: Normal
     0 | D:1      | 0 ||| PLANNING D:1-11
     3 | D:1      | You fall into a shaft and drop 1 floor!
    36 | D:2      | 36 ||| DROPPING scroll of poison.
   160 | D:1      | Reached XP level 2. HP: 16/16 MP: 3/3
   213 | D:1      | Found a faded altar of an unknown god.
   426 | D:1      | Reached skill level 3 in Ranged Weapons
   716 | D:1      | 716 ||| UPGRADING to +0 leather armour.
   726 | D:1      | 726 ||| DROPPING +0 robe.
   727 | D:1      | 727 ||| UPGRADING to +0 ring mail.
   737 | D:1      | 737 ||| DROPPING +0 leather armour.
   738 | D:1      | 738 ||| READING scroll labelled HETUPOCURPH.
   739 | D:1      | 739 ||| READING scroll labelled VEIRUU NUDO.
   740 | D:1      | 740 ||| DRINKING 2 dark potions.
  1103 | D:2      | Reached XP level 3. HP: 21/21 MP: 4/4
  1327 | D:2      | Found a shimmering altar of Xom.
  1590 | D:2      | 1590 ||| UPGRADING to +0 pair of gloves.
  1595 | D:2      | 1595 ||| READING scroll labelled HOIBUCL DAMM.
  1596 | D:2      | 1596 ||| READING scroll labelled QAACHU DUYXTI.
  1842 | D:3      | Identified the +0 scale mail of an ice cave {Int+3}
  1860 | D:3      | Reached skill level 1 in Armour
  1930 | D:3      | Noticed Ijyb
  1943 | D:3      | HP: 5/21 [orc/+0 short sword (4)]
  1944 | D:3      | 1944 ||| DRINKING 2 potions of heal wounds.
  1947 | D:3      | Slain by Ijyb

Levels and vault maps discovered:
D:1:      onia_arrival_mini_spirals, layout_loops_cross,
          shapermc_ecumenical_altar_gd
D:2:      layout_loops_corners, basic_altar
D:3:      layout_basic, zin_statuary, uniq_ijyb

Skill      XL: |  1  2  3 |
---------------+----------+-----
Ranged Weapons | 3 |  3.4
Fighting       | 2 |  2.0
Armour         | 1 |  1.2
Dodging        | |  1.5
Spellcasting   | |  1.0
Hexes          | |  2.6

Action                     || total
---------------------------++-------
   Fire: Sling             ||   147
    Use: Scroll            ||     4
         Potion            ||     2
 Armour: Robe              ||     3
         Ring mail         ||    35
  Dodge: Dodged            ||    56

Table legend:
 A = Non-vault XP
 B = Vault XP
 C = Vault XP percentage of total XP
 D = Non-vault monster count
 E = Vault monster count
 F = Vault count percentage of total count
                 A         B        C        D         E       F
            +---------+---------+-------+---------+---------+-------
      Total |      76 |       0 |   0.0 |      42 |       0 |   0.0
            +---------+---------+-------+---------+---------+-------
        D:1 |      21 |       0 |   0.0 |      14 |       0 |   0.0
        D:2 |      33 |       0 |   0.0 |      21 |       0 |   0.0
        D:3 |      22 |       0 |   0.0 |       7 |       0 |   0.0
            +---------+---------+-------+---------+---------+-------
